 Dungeon Crawl Stone Soup version 0.21.0-3-g78d12a8 (webtiles) character file.

1693 Inarius the Chiller (level 8, -1/56 HPs)
             Began as a Grey Draconian Ice Elementalist on Jan 9, 2018.
             Was a Follower of Hepliaklqana.
             Shot with a sling bullet by Joseph (14 damage)
             ... on level 7 of the Dungeon.
             The game lasted 00:15:26 (5390 turns).

Inarius the Chiller (DrIE)                          Turns: 5390, Time: 00:15:26

Health: -1/56      AC: 13    Str: 11    XL:     8   Next: 72%
Magic:  14/14      EV: 14    Int: 17    God:    Hepliaklqana [*.....]
Gold:   239        SH:  0    Dex: 12    Spells: 4/16 levels left

rFire    . . .     SeeInvis .   m - +2 mace (holy)
rCold    . . .     Gourm    .   (no shield)
rNeg     . . .     Faith    .   (armour unavailable)
rPois    .         Spirit   .   (helmet restricted)
rElec    .         Reflect  .   t - +0 cloak
rCorr    .         Harm     .   (no gloves)
MR       .....                  v - +0 pair of boots
Stlth    +.........             (no amulet)
HPRegen  0.18/turn              f - ring of wizardry
MPRegen  0.14/turn              z - ring of wizardry

@: confused
A: walk through water, unfitting armour, reduced essence, unbreathing,
cold-blooded, AC +11
a: Recall Ancestor, Ancestor Identity, Renounce Religion


You were on level 7 of the Dungeon.
You worshipped Hepliaklqana.
Hepliaklqana was aware of your devotion.
You were near starving.

You visited 2 branches of the dungeon, and saw 8 of its levels.

You collected 347 gold pieces.
You spent 108 gold pieces at shops.

Inventory:

Hand Weapons
 h - a +0 short sword
 k - a cursed -1 whip
 m - a +2 mace of holy wrath (weapon)
Armour
 t - a +0 cloak (worn)
 v - a +0 pair of boots (worn)
Jewellery
 c - an uncursed ring of poison resistance {unknown}
 f - a ring of wizardry (left hand)
 p - an uncursed ring of fire
 w - an uncursed amulet of faith {unknown}
 z - a ring of wizardry (right hand)
Wands
 i - a wand of paralysis (8)
 B - a wand of acid (3)
Scrolls
 e - 3 scrolls of teleportation
 j - 2 scrolls of noise
 o - 2 scrolls of blinking
 q - 2 scrolls of random uselessness {unknown}
 s - 3 scrolls of magic mapping
 x - a scroll of enchant weapon {unknown}
 y - a scroll of enchant armour
 A - a scroll of identify
Potions
 d - 2 potions of haste
 g - 2 potions of agility
 l - a potion of brilliance
 r - a potion of invisibility
 u - 3 potions of lignification {unknown}
Books
 a - a book of Frost

   Spells                             Type                      Level
   a - Freeze                         Ice                          1
   b - Throw Frost                    Conjuration/Ice              2
   c - Ozocubu's Armour               Charms/Ice                   3
   d - Throw Icicle                   Conjuration/Ice              4
   e - Summon Ice Beast               Ice/Summoning                4
Comestibles
 b - 15 rations


   Skills:
 + Level 3.5 Fighting
 - Level 0.6 Short Blades
   Level 0.8(1.1) Axes
 - Level 1.0(1.2) Maces & Flails
 + Level 4.4 Dodging
 - Level 1.7 Stealth
 + Level 0.5 Unarmed Combat
 - Level 4.5 Spellcasting
 + Level 4.0 Conjurations
 + Level 1.3 Charms
 * Level 0.6 Summonings
 * Level 7.3 Ice Magic


You had 4 spell levels left.
You knew the following spells:

 Your Spells              Type           Power        Failure   Level  Hunger
a - Freeze                Ice            ####         1%          1    None
b - Ozocubu's Armour      Chrm/Ice       ###.....     2%          3    ###....
c - Throw Icicle          Conj/Ice       ###.....     4%          4    ####...
d - Summon Ice Beast      Ice/Summ       ###.....     8%          4    ####...


Dungeon Overview and Level Annotations

Branches:
Dungeon (7/15)             Temple (1/1) D:4

Altars:
Ashenzari
Cheibriados
Dithmenos
Elyvilon
Hepliaklqana
Kikubaaqudgha
Qazlal
Sif Muna
Uskayaw
Vehumet
Wu Jian
Xom
Zin
The Shining One

Shops:
D:5 [

Annotations:
D:7 Joseph


Innate Abilities, Weirdness & Mutations

You can walk through water.
Your dull iron-grey scales are very hard. (AC +11)
You cannot fit into any form of body armour.
You can survive without breathing.
You are cold-blooded and may be slowed by cold attacks.
Your life essence is reduced to manifest your ancestor. (-10% HP)


Message History

You swap places.
Xiuhtonal hits Joseph.
Joseph drinks a potion.
Joseph is healed!
You hit Joseph but do no damage.
Joseph is lightly wounded.
Xiuhtonal hits Joseph.
Joseph barely misses you.
Xiuhtonal misses Joseph.
You are confused.
You feel invigorated. Joseph hits you with a quarterstaff!
* * * LOW HITPOINT WARNING * * *
Xiuhtonal hits Joseph.
Joseph hits you with a quarterstaff!
* * * LOW HITPOINT WARNING * * *
Xiuhtonal hits Joseph but does no damage.
You hit Joseph but do no damage.
Your tail-slap misses Joseph.
Joseph is lightly wounded.
Joseph misses you.
Xiuhtonal hits Joseph.
Joseph unwields an uncursed quarterstaff.
Joseph wields a hunting sling.
Joseph shoots a sling bullet.
The sling bullet barely misses Xiuhtonal.
The sling bullet hits you!
You die...

#.#.#.#
.####.#.#.#
..........#
#####.#<###
# #.######
#......#
######.#
##.#######
#@R@......
##.######.
###


You could see the friendly Xiuhtonal the ancestor and Joseph.

Vanquished Creatures
  The ghost of Gigax the Insei, a novice OpMo (D:5)
  Menkaure (D:5)
  A sky beast (D:4)
  An ogre (D:4)
  A centaur (D:6)
  2 bullfrogs
  A gnoll sergeant (D:4)
  A scorpion (D:5)
  A howler monkey (D:6)
  A bullfrog zombie (D:5)
  2 crimson imps
  A quasit (D:6)
  A centaur skeleton (D:5)
  Jessica (D:3)
  Ijyb (D:3)
  A worker ant (D:4)
  Robin (D:4)
  7 gnolls (D:4)
  6 adders
  4 oozes
  An adder skeleton (D:5)
  3 worms
  4 dart slugs
  2 leopard geckos
  5 orcs
  A bat zombie (D:4)
  4 giant cockroaches
  15 goblins
  10 hobgoblins
  4 jackals
  2 quokkas
  2 ball pythons
  6 bats
  4 frilled lizards
  2 jackal skeletons
  6 kobolds (D:1)
  A quokka skeleton (D:5)
  7 rats
  A rat zombie (D:4)
116 creatures vanquished.

Vanquished Creatures (collateral kills)
  An orc warrior (D:6)
  A phantom (D:5)
  2 orc wizards
  2 worker ants
  A leopard gecko (D:6)
  2 orcs (D:6)
  3 jackals
  A frilled lizard (D:5)
13 creatures vanquished.

Vanquished Creatures (others)
  2 ancestors
2 creatures vanquished.

Grand Total: 131 creatures vanquished

Notes
Turn   | Place    | Note
-------+----------+-------------------------------------------
     0 | D:1      | Inarius the Draconian Ice Elementalist began the quest for the Orb.
     0 | D:1      | Reached XP level 1. HP: 14/14 MP: 3/3
   312 | D:1      | Reached XP level 2. HP: 7/20 MP: 1/5
   858 | D:1      | Reached XP level 3. HP: 25/27 MP: 6/6
  1216 | D:2      | Found a white marble altar of Elyvilon.
  1322 | D:2      | Reached skill level 1 in Fighting
  1422 | D:2      | Reached XP level 4. HP: 31/35 MP: 3/7
  1624 | D:2      | Found a white marble altar of Elyvilon.
  1808 | D:3      | Noticed Jessica
  1813 | D:3      | Killed Jessica
  1813 | D:3      | Reached skill level 4 in Ice Magic
  1969 | D:3      | Noticed Ijyb
  1979 | D:3      | Paralysed by Ijyb for 6 turns
  1987 | D:3      | Paralysed by Ijyb for 3 turns
  1991 | D:3      | Paralysed by Ijyb for 5 turns
  1996 | D:3      | Killed Ijyb
  1996 | D:3      | Reached XP level 5. HP: 28/40 MP: 3/9
  2251 | D:3      | Learned a level 3 spell: Ozocubu's Armour
  2256 | D:3      | Learned a level 4 spell: Throw Icicle
  2387 | D:4      | Noticed Robin
  2773 | D:4      | Killed Robin
  2958 | D:4      | Found a shimmering altar of Xom.
  3016 | D:4      | Reached skill level 1 in Maces & Flails
  3040 | D:4      | Found a staircase to the Ecumenical Temple.
  3050 | Temple   | Entered the Ecumenical Temple
  3095 | Temple   | Became a worshipper of Hepliaklqana the Forgotten
  3203 | D:4      | Reached XP level 6. HP: 25/43 MP: 7/10
  3690 | D:4      | Found an ancient bone altar of Kikubaaqudgha.
  3759 | D:5      | Entered Level 5 of the Dungeon
  3773 | D:5      | Noticed a sky beast
  3786 | D:4      | Killed a sky beast
  3786 | D:4      | Reached skill level 5 in Ice Magic
  3786 | D:4      | Your scales start taking on a dull iron-grey colour.
  3786 | D:4      | Reached XP level 7. HP: 49/49 MP: 3/12
  3786 | D:4      | Gained mutation: You can survive without breathing. [Grey Draconian growth]
  4216 | D:5      | Found Eruannef's Armour Emporium.
  4230 | D:5      | Bought a +0 cloak for 54 gold pieces
  4230 | D:5      | Bought a +0 pair of boots for 54 gold pieces
  4250 | D:5      | Noticed Gigax's ghost (novice OpMo)
  4356 | D:5      | Reached * piety under Hepliaklqana
  4387 | D:5      | Killed Gigax's ghost
  4387 | D:5      | Reached skill level 1 in Charms
  4391 | D:5      | Reached skill level 6 in Ice Magic
  4423 | D:5      | Reached XP level 8. HP: 55/55 MP: 14/14
  4462 | D:5      | Noticed Menkaure
  4470 | D:5      | Killed Menkaure
  4857 | D:6      | Learned a level 4 spell: Summon Ice Beast
  4940 | D:6      | Reached skill level 7 in Ice Magic
  5367 | D:7      | Noticed Joseph
  5390 | D:7      | Shot with a sling bullet by Joseph

Skill      XL: |  1  2  3  4  5  6  7  8 |
---------------+-------------------------+-----
Dodging        | 2 3 4 |  4.4
Fighting       | 1 2 3 |  3.5
Ice Magic      | 4 5 6 7 |  7.3
Maces & Flails | 1 |  1.0
Spellcasting   | 3 4 |  4.5
Conjurations   | 2 3 4 |  4.0
Charms         | 1 |  1.3
Short Blades   | |  0.6
Axes           | |  0.8
Stealth        | |  1.7
Unarmed Combat | |  0.5
Summonings     | |  0.6

Action                   |  1- 3 |  4- 6 |  7- 9 || total
-------------------------+-------+-------+-------++-------
Melee: Unarmed           |    16 |       |       ||    16
       Hand axe          |    64 |       |       ||    64
       Tailslap          |     7 |     9 |     5 ||    21
       Short sword       |    12 |    25 |       ||    37
       Mace              |       |    90 |   105 ||   195
       Punch             |       |       |     1 ||     1
 Cast: Freeze            |    22 |    47 |     5 ||    74
       Ozocubu's Armour  |       |     5 |     3 ||     8
       Throw Icicle      |       |       |     4 ||     4
  Use: Scroll            |     2 |     7 |     4 ||    13
       Potion            |       |       |     2 ||     2
 Stab: Sleeping          |       |     4 |       ||     4
       Distracted        |       |       |     1 ||     1
  Eat: Chunk             |     2 |     8 |     5 ||    15
Armor: Skin              |    43 |    68 |    53 ||   164
Dodge: Dodged            |    99 |   108 |   114 ||   321
